 Dungeon Crawl Stone Soup version 0.30-a0-755-g0b50240ab4 (webtiles) character file.

Game seed: 2574184776957094479

13200 DeathSun the Prestidigitator (level 12, -8/100 HPs)
             Began as a Gnoll Wanderer on Feb 9, 2023.
             Was a Believer of Ashenzari.
             Mangled by a death yak (12 damage)
             ... on level 11 of the Dungeon.
             The game lasted 00:54:09 (17686 turns).

DeathSun the Prestidigitator (Gnoll Wanderer)      Turns: 17686, Time: 00:54:10

Health: -8/100     AC:  8    Str: 12    XL:     12   Next: 3%
Magic:  21/24      EV: 15    Int: 13    God:    Ashenzari [**....]
Gold:   746        SH:  0    Dex: 15    Spells: 21/27 levels left

rFire   + + .      SeeInvis +    Y - +0 scythe
rCold   + . .      Faith    .    (shield currently unavailable)
rNeg    . . .      Spirit   .    R - +0 troll leather armour
rPois   .          Reflect  .    W - +0 helmet "Augurer of Ashenzari" {Elem, Self} (curse)
rElec   .          Harm     .    U - scarf of the Clairvoyant Dogma {rC+ rF+, Alch, Range} (curse)
rCorr   +          Rampage  .    (no gloves)
Will    .....                    a - +0 pair of boots
Stlth   +++                      w - amulet of Apeoromancy {Acrobat, Evo, Fort} (curse)
HPRegen 1.16/turn                J - ring of resist corrosion
MPRegen 0.19/turn                C - ring of protection from fire

@: mighty, hasted, very quick
A: fangs 1, strong nose, distributed training
a: Renounce Religion, Shatter the Chains


You were on level 11 of the Dungeon.
You worshipped Ashenzari.
Ashenzari was pleased with you.
You visited 3 branches of the dungeon, and saw 14 of its levels.
You also visited: Sewer and Ossuary.

You collected 850 gold pieces.
You spent 104 gold pieces at shops.

Inventory:

Hand Weapons
 P - a +0 glaive
 Y - a +0 scythe (weapon)
Armour
 a - a +0 pair of boots (worn)
 k - a +1 hat of intelligence
 I - a +1 plate armour of cold resistance
 R - a +0 troll leather armour (worn)
 U - the cursed scarf of the Clairvoyant Dogma (worn) {rC+ rF+, Alch, Range}
   (You found it on level 7 of the Dungeon)

   It has a curse which improves the following skills: Alchemy: Poison Magic and
   Transmutations.
   Ranged Combat: Ranged Weapons and Throwing.
 W - the cursed +0 helmet "Augurer of Ashenzari" (worn) {Elem, Self}
   (You took it off Robin on level 1 of the Dungeon)

   It has a curse which improves the following skills: Elements: Fire Magic, Ice
   Magic, Air Magic and Earth Magic.
   Introspection: Fighting and Spellcasting.
 Z - a +0 leather armour of willpower
Magical Staves
 N - a staff of conjuration
Jewellery
 p - an amulet of guardian spirit
 v - a ring of magical power
 w - the cursed amulet of Apeoromancy (around neck) {Acrobat, Evo, Fort}
   (You found it on level 4 of the Dungeon)

   [amulet of the acrobat]

   It increases your evasion while moving and waiting.
   It has a curse which improves the following skills: Evocations: Evocations.
   Fortitude: Armour and Shields.
 C - a ring of protection from fire (right hand)
 J - a ring of resist corrosion (left hand)
 V - a ring of ice
Wands
 o - a wand of polymorph (6)
 x - a wand of mindburst (3)
 z - a wand of digging (4)
 A - a wand of iceblast (4)
 B - a wand of paralysis (8)
Scrolls
 c - 6 scrolls of blinking
 h - 4 scrolls of magic mapping
 i - 5 scrolls of identify
 j - 3 scrolls of teleportation
 q - 5 scrolls of enchant armour
 r - a scroll of fear
 s - 6 scrolls of amnesia
 u - 2 scrolls of fog
 y - 3 scrolls of immolation
 M - 2 scrolls of vulnerability
 Q - 2 scrolls of butterflies
 T - a scroll of poison
 X - a scroll of torment
Potions
 e - 5 potions of brilliance
 f - 2 potions of berserk rage
 g - a potion of ambrosia
 E - 3 potions of cancellation
 G - 2 potions of flight
 H - 2 potions of curing
 O - a potion of attraction
 S - a potion of mutation
Miscellaneous
 b - a phantom mirror (quivered)


   Skills:
 + Level 9.7(11.0) Fighting
 + Level 7.1 Short Blades
 + Level 7.1 Long Blades
 + Level 7.1 Axes
 + Level 7.1 Maces & Flails
 + Level 7.1 Polearms
 + Level 7.1 Staves
 + Level 7.6(8.9) Ranged Weapons
 + Level 7.1(8.4) Throwing
 + Level 7.1(8.4) Armour
 + Level 8.5 Dodging
 + Level 7.1 Stealth
 + Level 7.1(8.4) Shields
 + Level 7.1 Unarmed Combat
 + Level 7.1(8.4) Spellcasting
 + Level 5.9 Conjurations
 + Level 5.9 Hexes
 + Level 5.9 Summonings
 + Level 5.9 Necromancy
 + Level 5.9 Translocations
 + Level 5.9(7.1) Transmutations
 + Level 5.9(7.1) Fire Magic
 + Level 5.9(7.1) Ice Magic
 + Level 5.9(7.1) Air Magic
 + Level 5.9(7.1) Earth Magic
 + Level 5.9(7.1) Poison Magic
 + Level 7.8 Invocations
 + Level 11.1(12.3) Evocations


You had 21 spell levels left.
You knew the following spells:

 Your Spells              Type           Power      Damage    Failure   Level
a - Mephitic Cloud        Conj/Pois/Air  23%        N/A       3%          3
b - Hailstorm             Conj/Ice       22%        3d7       3%          3

Your spell library contained the following spells:

 Spells                   Type           Power      Damage    Failure   Level
 Freeze                   Ice            96%        1d10      1%          1
 Magic Dart               Conj           80%        1d7       1%          1
 Cigotuvi's Dreadful Rot  Necr/Pois/Air  46%        N/A       1%          2
 Poisonous Vapours        Pois/Air       48%        N/A       1%          2
 Searing Ray              Conj           40%        2d5       2%          2
 Frozen Ramparts          Ice            48%        1d8       2%          3
 Fulminant Prism          Conj/Hex       10%        3d9       14%         4
 Chain Lightning          Conj/Air       11%        3d14      100%        9
 Fire Storm               Conj/Fire      11%        8d3       100%        9
 Shatter                  Erth           12%        3d13*     100%        9


Dungeon Overview and Level Annotations

Branches:
Dungeon (12/15)            Temple (1/1) D:7            Lair (0/5) D:11
    Orc (1/2) D:9           Sewer (visited)         Ossuary (visited)

Altars:
Ashenzari
Cheibriados
Dithmenos
Elyvilon
Fedhas
Gozag
Hepliaklqana
Kikubaaqudgha
Makhleb
Nemelex Xobeh
Okawaru
Qazlal
Ru
Sif Muna
Trog
Uskayaw
Vehumet
Wu Jian
Xom
Yredelemnul
Zin
The Shining One

Shops:
D:4 =   D:5 ?   D:8 =   D:11 *

Annotations:
D:12 Maurice


Innate Abilities, Weirdness & Mutations

You have very sharp teeth.
Your uncanny sense of smell can sniff out nearby items.
Your experience applies equally to all skills.


Message History

The stinking cloud engulfs you but does no damage.
The stinking cloud engulfs the death yak but does no damage.
You are engulfed in noxious fumes.
The death yak is engulfed in noxious fumes.
The death yak gores the death yak!
The death yak is engulfed in noxious fumes.
The death yak appears confused.
The death yak gores you but does no damage.
The death yak is engulfed in noxious fumes.
The death yak gores itself!
The death yak is engulfed in noxious fumes.
You are too injured to fight recklessly!
You are too injured to fight recklessly!
You hit the death yak. You bite the death yak!
The death yak is heavily wounded.
The death yak is engulfed in noxious fumes.
The death yak barely misses the death yak.
The death yak is engulfed in noxious fumes. x2
The death yak closely misses you.
You catch the helpless death yak completely off-guard!
You puncture the death yak!
The death yak is severely wounded.
The death yak is engulfed in noxious fumes. x3
The death yak gores you!!
* * * LOW HITPOINT WARNING * * *
You puncture the death yak!
The death yak is severely wounded.
The death yak gores the death yak but does no damage.
The death yak is engulfed in noxious fumes.
The death yak gores the death yak!
The death yak is engulfed in noxious fumes.
You completely miss the death yak.
The death yak is severely wounded.
You hit the death yak.
The death yak is severely wounded.
The death yak seems less confused. x2; The death yak gores you!
* * * LOW HITPOINT WARNING * * *
The death yak gores you but does no damage.
You feel yourself speed up. The death yak gores you!
You die...

###
#.#######
..#
#.......#
#.#
#######.#
#.#
####.#
#.#
#....#
..#
#.####
### #.# #
#.# # #@#
# #Y# #
##Y# #
#.Y#
#######
#.##
......#
** #.#
##.......
,* #.#
......#
#.#
......#
#.#


You could see 3 death yaks.

Vanquished Creatures
  Gastronok (D:9)
  A boulder beetle (D:11)
  3 death yaks (D:11)
  3 two-headed ogres
  An ugly thing (D:11)
  A gargoyle (D:10)
  The ghost of dixiedixie the Changer, a novice MfTm of Gozag (D:4)
  A troll (D:11)
  2 polar bears (D:8)
  3 slime creatures (D:12)
  Sigmund (D:2)
  A shadow (D:11)
  A wraith (D:10)
  An unseen horror simulacrum (D:8)
  A steam dragon (D:10)
  4 vampire mosquitoes
  A basilisk (D:12)
  3 swamp worms (D:9)
  2 water moccasins (D:6)
  7 orc warriors
  3 ice beasts
  A black bear (D:6)
  A centaur (D:5)
  A wolf (D:8)
  A phantom (D:6)
  2 kobold brigands
  A bullfrog (D:8)
  A necrophage (D:6)
  A gnoll sergeant (D:12)
  3 water moccasin zombies (Ossuary)
  13 wights
  5 killer bees
  2 electric eels (D:8)
  2 hounds
  3 jellies
  5 orc priests
  2 gnoll boudas
  Ijyb (D:4)
  Natasha (thrice) (D:2)
  An iguana (D:6)
  4 orc wizards
  A centaur simulacrum (D:8)
  2 mummies (Ossuary)
  Robin (D:1)
  14 adders
  3 river rats (Sewer)
  17 gnolls
  3 shadow imps
  3 white imps
  2 ufetubi
  7 adder zombies (Ossuary)
  2 worms (D:2)
  A dart slug (D:3)
  52 orcs
  6 bats
  A bat zombie (D:4)
  4 endoplasms
  7 giant cockroaches
  3 gnoll zombies (Ossuary)
  12 hobgoblins
  10 jackals
  16 kobolds
  6 quokkas
  9 ball pythons
  5 frilled lizards
  26 goblins
  5 hobgoblin zombies (Ossuary)
  5 kobold zombies (Ossuary)
  5 orc zombies (Ossuary)
  8 rats
  4 rat zombies (D:4)
  A spectral orc (D:7)
336 creatures vanquished.

Vanquished Creatures (collateral kills)
  2 killer bees (D:10)
  A jelly (D:8)
3 creatures vanquished.

Vanquished Creatures (others)
  19 plants
19 creatures vanquished.

Grand Total: 358 creatures vanquished

Notes
Turn   | Place    | Note
-------+----------+-------------------------------------------
     0 | D:1      | DeathSun the Gnoll Wanderer began the quest for the Orb.
     0 | D:1      | DeathSun set off with the following items: a +1 sling, a
                  | phantom mirror, a scroll of blinking, a +0 leather armour.
     0 | D:1      | Reached XP level 1. HP: 23/23 MP: 1/1
   159 | D:1      | Reached XP level 2. HP: 29/29 MP: 2/2
   329 | D:1      | Reached XP level 3. HP: 35/35 MP: 3/3
   415 | D:1      | You fall into a shaft and drop 1 floor!
   486 | D:2      | Reached skill level 1 in Invocations
   530 | D:2      | Reached skill level 1 in Short Blades
   530 | D:2      | Reached skill level 1 in Long Blades
   530 | D:2      | Reached skill level 1 in Axes
   530 | D:2      | Reached skill level 1 in Maces & Flails
   530 | D:2      | Reached skill level 1 in Polearms
   530 | D:2      | Reached skill level 1 in Staves
   530 | D:2      | Reached skill level 1 in Throwing
   530 | D:2      | Reached skill level 1 in Armour
   530 | D:2      | Reached skill level 1 in Stealth
   530 | D:2      | Reached skill level 1 in Shields
   530 | D:2      | Reached skill level 1 in Unarmed Combat
   530 | D:2      | Reached skill level 1 in Spellcasting
   534 | D:2      | Noticed Robin
   550 | D:1      | Killed Robin
   650 | D:1      | Reached XP level 4. HP: 41/41 MP: 5/5
   744 | D:2      | Noticed Natasha
   761 | D:2      | Killed Natasha
   762 | D:2      | Reached skill level 1 in Conjurations
   762 | D:2      | Reached skill level 1 in Hexes
   762 | D:2      | Reached skill level 1 in Summonings
   762 | D:2      | Reached skill level 1 in Necromancy
   762 | D:2      | Reached skill level 1 in Translocations
   762 | D:2      | Reached skill level 1 in Transmutations
   762 | D:2      | Reached skill level 1 in Fire Magic
   762 | D:2      | Reached skill level 1 in Ice Magic
   762 | D:2      | Reached skill level 1 in Air Magic
   762 | D:2      | Reached skill level 1 in Earth Magic
   762 | D:2      | Reached skill level 1 in Poison Magic
  1009 | D:2      | Identified the +3 hand axe of Risk Management {pain, Dex+3
                  | SInv}
  1039 | D:2      | Noticed Natasha
  1057 | D:2      | Killed Natasha
  1058 | D:2      | Reached XP level 5. HP: 27/47 MP: 5/7
  1078 | D:2      | Noticed Natasha
  1080 | D:2      | Killed Natasha
  1299 | D:2      | Noticed Sigmund
  1304 | D:2      | Killed Sigmund
  1305 | D:2      | Reached skill level 5 in Dodging
  1305 | D:2      | Reached XP level 6. HP: 43/53 MP: 7/9
  1673 | D:3      | Found a faded altar of an unknown god.
  2208 | D:4      | Found a shadowy altar of Dithmenos.
  2354 | D:4      | Found Vocly's Jewellery Emporium.
  2480 | D:4      | Found an ancient bone altar of Kikubaaqudgha.
  2689 | D:4      | Noticed Ijyb
  2704 | D:4      | Killed Ijyb
  2870 | D:4      | Found a glowing golden altar of the Shining One.
  3043 | D:4      | Found a runed translucent door.
  3047 | D:4      | Noticed dixiedixie's ghost (novice MfTm)
  3063 | D:4      | Reached XP level 7. HP: 46/60 MP: 10/10
  3595 | D:5      | Entered Level 5 of the Dungeon
  3670 | D:5      | Reached skill level 9 in Evocations
  3767 | D:5      | Found a glowing drain.
  3826 | Sewer    | Entered a sewer
  4382 | Sewer    | Reached XP level 8. HP: 53/67 MP: 12/12
  5016 | D:5      | Found a hide-covered altar of Uskayaw.
  5259 | D:5      | Found The Oracle's Delphic Readings.
  6796 | D:7      | Found a staircase to the Ecumenical Temple.
  6804 | Temple   | Entered the Ecumenical Temple
  6832 | Temple   | Became a worshipper of Ashenzari the Shackled
  6860 | D:7      | Found a sand-covered staircase.
  6907 | Ossuary  | Entered an ossuary
  7156 | Ossuary  | Reached XP level 9. HP: 57/73 MP: 14/14
  7790 | D:6      | Reached skill level 5 in Ranged Weapons
  8044 | D:7      | Noticed a two-headed ogre
  8997 | D:7      | Found a basalt altar of Yredelemnul.
  9032 | D:7      | Killed a two-headed ogre
  9033 | D:7      | Reached skill level 5 in Invocations
  9774 | D:8      | Found a shimmering blue altar of Sif Muna.
  9839 | D:8      | Noticed a polar bear
  9872 | D:8      | Killed a polar bear
 10058 | D:8      | Reached skill level 5 in Short Blades
 10058 | D:8      | Reached skill level 5 in Long Blades
 10058 | D:8      | Reached skill level 5 in Axes
 10058 | D:8      | Reached skill level 5 in Maces & Flails
 10058 | D:8      | Reached skill level 5 in Polearms
 10058 | D:8      | Reached skill level 5 in Staves
 10058 | D:8      | Reached skill level 5 in Throwing
 10058 | D:8      | Reached skill level 5 in Armour
 10058 | D:8      | Reached skill level 5 in Stealth
 10058 | D:8      | Reached skill level 5 in Shields
 10058 | D:8      | Reached skill level 5 in Unarmed Combat
 10058 | D:8      | Reached skill level 5 in Spellcasting
 10058 | D:8      | Reached XP level 10. HP: 81/81 MP: 17/17
 10282 | D:1      | Reached * piety under Ashenzari
 10287 | D:1      | Learned a level 3 spell: Mephitic Cloud
 10516 | D:4      | Killed dixiedixie's ghost
 10517 | D:4      | Reached skill level 10 in Evocations
 11419 | D:8      | Found Goggimem's Jewellery Shoppe.
 11858 | D:8      | Reached ** piety under Ashenzari
 12033 | D:9      | Found a snail-covered altar of Cheibriados.
 12529 | D:9      | Identified the cursed scarf of the Clairvoyant Dogma {rC+
                  | rF+, Alch, Range} (You found it on level 7 of the Dungeon)
 12529 | D:9      | Identified the cursed +0 helmet "Augurer of Ashenzari"
                  | {Elem, Self} (You took it off Robin on level 1 of the
                  | Dungeon)
 12828 | D:9      | Found a staircase to the Orcish Mines.
 12833 | D:9      | Identified the +1 morningstar of Gasivusi {drain, Will+
                  | SInv}
 12860 | D:9      | Noticed Gastronok
 13320 | D:10     | Entered Level 10 of the Dungeon
 13421 | D:10     | Noticed a gargoyle
 13437 | D:10     | Killed a gargoyle
 13802 | D:10     | Found a blossoming altar of Fedhas.
 13802 | D:10     | Found a hazy altar of Hepliaklqana.
 14021 | D:10     | Noticed a two-headed ogre
 14078 | D:9      | Killed Gastronok
 14079 | D:9      | Reached skill level 5 in Conjurations
 14079 | D:9      | Reached skill level 5 in Hexes
 14079 | D:9      | Reached skill level 5 in Summonings
 14079 | D:9      | Reached skill level 5 in Necromancy
 14079 | D:9      | Reached skill level 5 in Translocations
 14079 | D:9      | Reached skill level 5 in Transmutations
 14079 | D:9      | Reached skill level 5 in Fire Magic
 14079 | D:9      | Reached skill level 5 in Ice Magic
 14079 | D:9      | Reached skill level 5 in Air Magic
 14079 | D:9      | Reached skill level 5 in Earth Magic
 14079 | D:9      | Reached skill level 5 in Poison Magic
 14079 | D:9      | Reached XP level 11. HP: 22/92 MP: 16/22
 14776 | D:11     | Noticed a two-headed ogre
 14805 | D:11     | Killed a two-headed ogre
 15038 | D:11     | Noticed a two-headed ogre
 15040 | D:11     | Noticed a boulder beetle
 15051 | D:11     | Killed a boulder beetle
 15052 | D:11     | Killed a two-headed ogre
 15282 | D:12     | Noticed a skeletal warrior
 15665 | D:11     | Found Kisujep's Assorted Antiques.
 15668 | D:11     | Bought a scroll labelled KAUTRABR YWOY for 26 gold pieces
 15668 | D:11     | Bought a scroll of teleportation for 78 gold pieces
 15721 | D:11     | Noticed a purple ugly thing
 15757 | D:11     | Killed a purple ugly thing
 15836 | D:11     | Noticed a death yak
 16271 | Orc:1    | Entered Level 1 of the Orcish Mines
 16990 | D:11     | Noticed a death yak
 17134 | D:12     | Learned a level 3 spell: Hailstorm
 17240 | D:12     | Noticed Maurice
 17345 | D:12     | Noticed a skeletal warrior
 17511 | D:11     | Found a staircase to the Lair.
 17511 | D:11     | Noticed a death yak
 17643 | D:11     | Noticed a death yak
 17645 | D:11     | Noticed a death yak
 17647 | D:11     | Noticed a death yak
 17663 | D:11     | Killed a death yak
 17664 | D:11     | Reached skill level 11 in Evocations
 17671 | D:11     | Killed a death yak
 17678 | D:11     | Killed a death yak
 17679 | D:11     | Reached XP level 12. HP: 32/100 MP: 22/24
 17685 | D:11     | HP: 3/100 [death yak (17)]
 17686 | D:11     | Mangled by a death yak

Illustrated notes

Levels and vault maps discovered:
D:1:      zaba_arrival_water, layout_basic
D:2:      layout_rooms, grunt_ministairs_7, uniq_robin, uniq_sigmund,
          uniq_natasha
D:3:      wad_pebble_path, layout_basic, shapermc_ecumenical_altar_gd
D:4:      kennysheep_goblin_castle, layout_loops_ring,
          lemuel_zombie_altar_kikubaaqudgha, lemuel_coloured_pillars_altar,
          nicolae_overflow_hidden_temple, ebering_ghost_sewer_d, serial_shops,
          kennysheep_mini_moat, nicolae_figureground_sparkle
D:5:      layout_rooms, eat_drink_and_be_merry_uskayaw, gup_sewer_entry_glass,
          grunt_decor_junction, nicolae_nh_oracle_at_delphi
D:6:      layout_loops_ring
D:7:      layout_gridville, yredelemnul_forgotten_temple_becter, temple_statues,
          nicolae_ossuary_entry_false_entrances
D:8:      layout_basic, nicolae_sif_muna_condensation, serial_shops,
          nicolae_shop_stone, serial_ice, serial_ice_l, serial_ice_f,
          serial_ice_d, serial_ice_a
D:9:      layout_basic, nicolae_overflow_crystal_walls, orc_0_dummy,
          worms_lemuel, uniq_gastronok
D:10:     layout_roguey [special_room_orc],
          chequers_temple_overflow_statue_of_worship, serial_bayou_pond_c
D:11:     layout_loops_ring, dpeg_lair_monsters, serial_shops,
          nicolae_shop_behind_doors
D:12:     layout_gridville, minmay_nine_imps, uniq_kirke, uniq_maurice
Temple:   compressed_dpeg_triangle_lava_temple
Orc:1:    layout_diamond_mine, rock_pile

Skill      XL: |  1  2  3  4  5  6  7  8  9 10 11 |
---------------+----------------------------------+-----
Invocations    | 1 2 3 4 5 6 7 |  7.8
Short Blades   | 1 2 3 5 6 7 |  7.1
Long Blades    | 1 2 3 5 6 7 |  7.1
Axes           | 1 2 3 5 6 7 |  7.1
Maces & Flails | 1 2 3 5 6 7 |  7.1
Polearms       | 1 2 3 5 6 7 |  7.1
Staves         | 1 2 3 5 6 7 |  7.1
Throwing       | 1 2 3 5 6 7 |  7.1
Armour         | 1 2 3 5 6 7 |  7.1
Stealth        | 1 2 3 5 6 7 |  7.1
Shields        | 1 2 3 5 6 7 |  7.1
Unarmed Combat | 1 2 3 5 6 7 |  7.1
Spellcasting   | 1 2 3 5 6 7 |  7.1
Conjurations   | 1 2 3 4 5 |  5.9
Hexes          | 1 2 3 4 5 |  5.9
Summonings     | 1 2 3 4 5 |  5.9
Necromancy     | 1 2 3 4 5 |  5.9
Translocations | 1 2 3 4 5 |  5.9
Transmutations | 1 2 3 4 5 |  5.9
Fire Magic     | 1 2 3 4 5 |  5.9
Ice Magic      | 1 2 3 4 5 |  5.9
Air Magic      | 1 2 3 4 5 |  5.9
Earth Magic    | 1 2 3 4 5 |  5.9
Poison Magic   | 1 2 3 4 5 |  5.9
Ranged Weapons | 3 4 5 6 7 |  7.6
Dodging        | 5 6 7 8 |  8.5
Fighting       | 7 8 9 |  9.7
Evocations     | 9 10 11 | 11.1

Action                     |  1- 3 |  4- 6 |  7- 9 | 10-12 || total
---------------------------+-------+-------+-------+-------++-------
  Melee: Short sword       |       |       |    37 |   702 ||   739
         Bite              |       |       |     5 |   123 ||   128
         Punch             |       |       |       |    35 ||    35
         Halberd           |       |       |       |   248 ||   248
   Fire: Sling             |   123 |   229 |   705 |       ||  1057
   Cast: Mephitic Cloud    |       |       |       |    13 ||    13
         Hailstorm         |       |       |       |     5 ||     5
 Invoke: Curse Item        |       |       |     1 |     3 ||     4
         Shatter the Chain |       |       |       |     1 ||     1
  Evoke: Wand              |       |     7 |    47 |    28 ||    82
         Phantom mirror    |       |     1 |     2 |       ||     3
    Use: Scroll            |       |       |     2 |     2 ||     4
         Potion            |       |       |       |    11 ||    11
   Stab: Paralysed         |       |       |       |     9 ||     9
         Sleeping          |       |       |       |     5 ||     5
         Confused          |       |       |       |     3 ||     3
 Armour: Leather armour    |    20 |       |       |       ||    20
         Ring mail         |       |    45 |   175 |    85 ||   305
         Skin              |       |       |       |    23 ||    23
         Troll leather arm |       |       |       |    48 ||    48
  Dodge: Dodged            |    47 |   110 |   436 |   482 ||  1075

Table legend: (Time is in decaauts)
 A = Elapsed time spent in this place.
 B = Non-inter-level travel time spent in this place.
 C = Inter-level travel time spent in this place.
 D = Time resting spent in this place.
 E = Time spent auto-exploring this place.
 F = Levels seen in this place.
 G = Mean time per level.
                   A        B        C        D        E       F      G
               +--------+--------+--------+--------+--------+-----+--------+
         Total |  17891 |  16341 |   1550 |      0 |  12332 |  16 | 1118.2 |
       Dungeon |  15942 |  14392 |   1550 |      0 |  10885 |  12 | 1328.5 |
        Temple |    319 |    319 |      0 |      0 |    262 |   1 |  319.0 |
  Orcish Mines |      7 |      7 |      0 |      0 |      0 |   1 |    7.0 |
         Sewer |   1138 |   1138 |      0 |      0 |    904 |   1 | 1138.0 |
       Ossuary |    482 |    482 |      0 |      0 |    280 |   1 |  482.0 |
               +--------+--------+--------+--------+--------+-----+--------+

Top non-repeatable levels by time:
     D:9: 2154 daAuts
     D:6: 2146 daAuts
     D:7: 1804 daAuts
     D:4: 1745 daAuts
     D:8: 1531 daAuts
    D:11: 1304 daAuts
    D:10: 1230 daAuts
   Sewer: 1138 daAuts
     D:2: 1097 daAuts
     D:5: 981 daAuts
     D:3: 751 daAuts
     D:1: 671 daAuts
    D:12: 524 daAuts
 Ossuary: 482 daAuts
  Temple: 319 daAuts
